 Dungeon Crawl Stone Soup version 0.21.1-1-g345015fe64 (webtiles) character file.

67 NullDivider the Charlatan (level 3, -2/18 HPs)
             Began as a Spriggan Artificer on Apr 4, 2018.
             Slain by an orc wizard
             ... wielding a +0 dagger
              (4 damage)
             ... on level 3 of the Dungeon.
             The game lasted 00:05:54 (2451 turns).

NullDivider the Charlatan (Spriggan Artificer)      Turns: 2451, Time: 00:05:54

Health: -2/18      AC:  2    Str:  8    XL:     3   Next: 98%
Magic:  7/7        EV: 19    Int: 12    God:
Gold:   86         SH:  0    Dex: 17    Spells: 2/2 levels left

rFire    . . .     SeeInvis +   a - +0 short sword
rCold    . . .     Gourm    .   (shield restricted)
rNeg     . . .     Faith    .   b - +0 robe
rPois    .         Spirit   .   (helmet restricted)
rElec    .         Reflect  .   (no cloak)
rCorr    .         Harm     .   (gloves unavailable)
MR       .....                  (boots unavailable)
Stlth    ++........             (no amulet)
HPRegen  0.06/turn              (no ring)
MPRegen  0.10/turn              (no ring)

@: very quick
A: very small, unfitting armour, see invisible, herbivore, speed 3, slow
metabolism 2
a: no special abilities


You were on level 3 of the Dungeon.
You were not hungry.

You visited 1 branch of the dungeon, and saw 3 of its levels.

You collected 86 gold pieces.

Inventory:

Hand Weapons
 a - a +0 short sword (weapon)
Armour
 b - a +0 robe (worn)
Jewellery
 n - an uncursed ring of ice {unknown}
Wands
 c - a wand of flame (31)
 d - a wand of enslavement (11)
 e - a wand of random effects (15)
Scrolls
 g - a scroll of remove curse {unknown}
 i - 2 scrolls of fear {unknown}
 k - 2 scrolls of identify {unknown}
 m - a scroll of noise {unknown}
 o - a scroll of immolation {unknown}
Potions
 h - 2 potions of might {unknown}
 j - a potion of ambrosia {unknown}
 l - 2 potions of agility {unknown}
Comestibles
 f - 7 rations


   Skills:
 * Level 1.8 Fighting
 + Level 1.9 Short Blades
 + Level 3.6 Dodging
 + Level 2.8 Stealth
 + Level 4.5 Evocations


You had 2 spell levels left.
You didn't know any spells.

Dungeon Overview and Level Annotations

Branches:
Dungeon (3/15)

Altars:
Okawaru


Innate Abilities, Weirdness & Mutations

You are very small and have problems with some larger weapons.
You are too small for most types of armour.
You have supernaturally acute eyesight. (SInv)
You are a herbivore.
You cover ground extremely quickly.
You need consume almost no food.


Message History

Press: ? - help, Shift-Dir - straight line, f/p - orc wizard
Aim: an orc wizard, wielding a dagger and wearing a robe (moderately wounded, fast, chance to defeat MR: 60%)
The orc wizard resists with significant effort.
The orc wizard points at you and mumbles some strange words.
The puff of frost misses you. The orc wizard closely misses you.
Evoke which item? (* to show all) (? for menu, Esc to quit)
Aiming: Enslavement
Press: ? - help, Shift-Dir - straight line, f/p - orc wizard
Aim: an orc wizard, wielding a dagger and wearing a robe (moderately wounded, fast, chance to defeat MR: 60%)
The orc wizard resists with significant effort.
The orc wizard points at you and mumbles some strange words.
The magic dart hits you!
* * * LOW HITPOINT WARNING * * *
Evoke which item? (* to show all) (? for menu, Esc to quit)
Aiming: Enslavement
Press: ? - help, Shift-Dir - straight line, f/p - orc wizard
Aim: an orc wizard, wielding a dagger and wearing a robe (moderately wounded, fast, chance to defeat MR: 60%)
The orc wizard resists with significant effort.
The orc wizard hits you with a dagger.
You die...

# .# ..# ... ###
=..# ... #...
####....# o..
#.... #.@oo...#
.o<
#.....##.##o...#
... #.........#
..## ...
#.....)#..# ..#
... #....>.####
... #. #......
.. #. ####### .
## ... .##


You could see an orc wizard and 2 orcs.

Vanquished Creatures
  2 oozes
  A worm (D:2)
  2 dart slugs
  A leopard gecko (D:2)
  An orc (D:3)
  A ball python (D:2)
  4 giant cockroaches
  9 goblins
  5 hobgoblins
  5 kobolds
  A quokka (D:2)
  4 bats
  3 frilled lizards
  8 rats
47 creatures vanquished.

Notes
Turn   | Place    | Note
-------+----------+-------------------------------------------
     0 | D:1      | NullDivider the Spriggan Artificer began the quest for the Orb.
     0 | D:1      | Reached XP level 1. HP: 9/9 MP: 4/4
   108 | D:1      | Reached skill level 1 in Fighting
   407 | D:1      | Reached XP level 2. HP: 13/14 MP: 6/6
  1154 | D:2      | Found an iron altar of Okawaru.
  1176 | D:2      | Reached XP level 3. HP: 18/18 MP: 7/7
  2451 | D:3      | Slain by an orc wizard

Skill      XL: |  1 |
---------------+----+-----
Fighting       | 1 |  1.8
Stealth        | 2 |  2.8
Short Blades   | |  1.9
Dodging        | |  3.6
Evocations     | |  4.5

Action                   || total
-------------------------++-------
Melee: Short sword       ||   185
Evoke: Wand              ||     4
 Stab: Sleeping          ||    10
Armor: Robe              ||    17
Dodge: Dodged            ||   118
